AoeStats
← MUNIZ.JR. BR

Lombardia

508569579Analyzed
3v3 RM · 8d ago on Sep 23, 2026· 44m 46s· 6 players
Game mode
Random Map
Map size
Normal (6 player)
Population
200
Speed
Normal
Resources
Standard
Victory
Conquest
Starting age
Dark Age
Ending age
Imperial Age
RankedLock teamsTeams togetherTeam positionsShared explorationLock speedFull tech treeHidden civsTurbo modeCheats
Victory
Defeat
🇧🇷 Huns · Brazil
1192
+15
🇧🇷 Magyars · Brazil
1192
+15
🇧🇷 Burgundians · Brazil
1166
+16
🇦🇷 Byzantines · Argentina
1224
-17
🇦🇷 Franks · Argentina
1149
-15
🇦🇷 Saxons · Argentina
1136
-14
dan29730
8:01 Loom
10:03 Feudal Age
11:01 Double-Bit Axe
11:28 Gold Mining
18:13 Castle Age
16:16 Stone Mining
17:27 Gold Mining
18:23 Scale Mail Armor
18:34 Forging
20:38 Wheelbarrow
23:20 Bow Saw
23:41 Elite Skirmisher
26:19 Hand Cart
26:08 Husbandry
27:46 Scale Barding Armor
29:06 Fletching
29:37 Chain Barding Armor
31:30 Gold Shaft Mining
31:30 Town Watch
31:09 Light Cavalry
33:03 Iron Casting
37:09 Padded Archer Armor
37:05 Bodkin Arrow
39:00 Ballistics
41:17 Imperial Age
41:32 Leather Archer Armor
43:32 Chemistry
43:55 Cavalier
[SIX] RX
10:20 Feudal Age
10:44 Loom
11:24 Double-Bit Axe
14:00 Horse Collar
23:10 Castle Age
32:18 Scale Mail Armor
33:42 Forging
33:41 Squires
36:00 Chain Mail Armor
38:12 Ballistics
40:38 Clerical Recruitment
Belmont
11:58 Feudal Age
17:31 Castle Age
18:59 Double-Bit Axe
19:40 Loom
21:00 Forging
20:50 Scale Mail Armor
21:40 Wheelbarrow
21:30 Bow Saw
26:52 Iron Casting
26:22 Scale Barding Armor
28:50 Chain Barding Armor
32:03 Husbandry
33:46 Gold Mining
35:55 Hand Cart
39:18 Fletching
39:40 Padded Archer Armor
Caveirose
6:56 Loom
7:10 Loom
9:38 Feudal Age
10:19 Double-Bit Axe
10:16 Horse Collar
17:16 Wheelbarrow
21:39 Castle Age
19:58 Scale Barding Armor
19:46 Gold Mining
20:27 Fletching
20:53 Padded Archer Armor
21:38 Wheelbarrow
22:18 Bloodlines
22:47 Bow Saw
23:30 Wheelbarrow
23:28 Bodkin Arrow
24:56 Heavy Plow
29:10 Chain Barding Armor
30:41 Ballistics
31:18 Thumb Ring
32:04 Husbandry
33:15 Leather Archer Armor
44:40 Imperial Age
43:13 Forging
42:47 Light Cavalry
Leohpg
5:59 Double-Bit Axe
7:00 Loom
9:45 Feudal Age
11:18 Bow Saw
16:05 Gold Mining
16:53 Wheelbarrow
16:08 Horse Collar
17:10 Heavy Plow
20:08 Castle Age
19:32 Gold Shaft Mining
21:45 Husbandry
21:51 Scale Barding Armor
22:22 Crop Rotation
22:30 Forging
23:34 Hand Cart
23:43 Cavalier
25:52 Iron Casting
27:27 Chain Barding Armor
38:33 Stone Mining
41:57 Stone Shaft Mining
MUNIZ.JR. BR
6:48 Loom
9:13 Feudal Age
10:04 Double-Bit Axe
11:20 Horse Collar
20:00 Castle Age
18:29 Fletching
18:40 Padded Archer Armor
18:35 Gold Mining
20:43 Bodkin Arrow
23:41 Bow Saw
23:34 Heavy Plow
23:55 Husbandry
24:05 Bloodlines
28:09 Ballistics
30:44 Thumb Ring
34:23 Imperial Age
35:16 Bracer
36:32 Gold Shaft Mining
35:47 Stone Mining
36:25 Heavy Cavalry Archer
37:30 Parthian Tactics
41:41 Chemistry
40:06 Light Cavalry
42:18 Wheelbarrow
41:14 Hussar
42:01 Scale Barding Armor
44:42 Conscription
44:56 Chain Barding Armor
Connection lost

Rejoining the realm…

Still unreachable

The connection could not be restored.

Session expired

The server has moved on; the page needs a fresh start.